 Dungeon Crawl Stone Soup version 0.14-a0-1761-gdbd231b (webtiles) character file.

112 Nicoed the Shield-Bearer (level 4, 0/35 HPs)
             Began as a Human Fighter on Jan 5, 2014.
             Slain by Crazy Yiuf
             ... wielding a +2,+4 quarterstaff of chaos
              (1 damage)
             ... while paralysed by a potion of paralysis
             ... on Level 2 of the Dungeon.
             The game lasted 00:05:02 (1133 turns).

Nicoed the Shield-Bearer (Human Fighter)            Turns: 1133, Time: 00:05:02

HP   0/35        AC  6     Str 17      XL: 4   Next: 28%
MP   4/4         EV  2     Int  8      God:
Gold 50          SH  0     Dex 13      Spells:  0 memorised,  3 levels left

rFire  . . .     SeeInvis .     a - +0 hand axe
rCold  . . .     Clarity  .     m - +0 scale mail
rNeg   + . .     Conserve .     c - +0 shield
rPois  .         rCorr    .     (no helmet)
rElec  .         rRot     .     (no cloak)
SustAb . .       Spirit   .     (no gloves)
rMut   .         Warding  +     (no boots)
Saprov . . .     Stasis   .     h - amulet of warding
                                (no ring)
                                (no ring)

@: paralysed, slightly resistant to hostile enchantments, extremely unstealthy
A: no striking features
a: no special abilities


You were on level 2 of the Dungeon.
You were very hungry.

You visited 1 branch of the dungeon, and saw 2 of its levels.

You collected 50 gold pieces.

Inventory:

Hand weapons
 a - a +0,+0 hand axe (weapon)
 n - a +2,+2 hammer
 o - a +1,+1 hammer
 p - a +0,+0 hammer
 q - a +0,+0 hammer
 r - a +0,+0 hammer
Armour
 c - a +0 shield (worn)
 m - a +0 scale mail (worn)
Comestibles
 d - a bread ration
Scrolls
 g - a scroll of identify
 i - a scroll of enchant weapon I {unknown}
Jewellery
 h - an amulet of warding (around neck)
 j - a cursed ring of hunger {unknown}
 l - an uncursed ring of sustenance {unknown}
Potions
 e - a potion of brilliance {unknown}
 f - a potion of flight {unknown}
 k - a potion of curing {unknown}


   Skills:
 + Level 3.5 Fighting
 + Level 2.2 Axes
 + Level 3.3 Armour
 + Level 1.5 Dodging
 + Level 3.5 Shields


You had 3 spell levels left.
You didn't know any spells.

Dungeon Overview and Level Annotations

Branches:
Dungeon (2/16)

Altars:
Nemelex Xobeh

Annotations:
D:2 Crazy Yiuf


Message History

You hit Crazy Yiuf but do no damage.
Crazy Yiuf hits you with a quarterstaff of chaos.
Crazy Yiuf freezes you.
You hit Crazy Yiuf.
Crazy Yiuf is moderately wounded.
Crazy Yiuf hits you with a quarterstaff of chaos!
Crazy Yiuf draws strength from your injuries!
Your shield and scale mail prevent you from hitting Crazy Yiuf.
Crazy Yiuf barely misses you.
Unknown command.
Crazy Yiuf whimpers, "Dawk sanguine tortoise!"
You suddenly lose the ability to move!
It was a potion of paralysis.
Crazy Yiuf hits you with a quarterstaff of chaos!
* * * LOW HITPOINT WARNING * * *
Crazy Yiuf completely misses you. Crazy Yiuf barely misses you.
Crazy Yiuf hits you but does no damage.
Crazy Yiuf hits you with a quarterstaff of chaos.
* * * LOW HITPOINT WARNING * * *
You die...

#.# #.## #.# ##.#
#.# #.## #.# ##.##
#.# #...## ####
#.# #....# #...
#.# #....# ###
#.## #.# #####g.##
..# #.#
###.######...@...#
#.# #.#
#............<..##
#.# #.#
#...............#
#.# #.#
#..#########....#
#.###.## #).#
##...# #.##...#
#..# ##..#
#......# #..#
#..#######%##...#
####>.#
#..........######
.)....#
#.###..###.#


You could see Crazy Yiuf.

Vanquished Creatures
  An adder (D:2)
  An inept feature mimic (D:2)
  A giant gecko (D:2)
  An ooze (D:1)
  A ball python (D:2)
  4 giant cockroaches
  3 hobgoblins
  3 jackals (D:1)
  13 kobolds
  2 bats
  2 giant newts
  7 goblins
  6 rats
45 creatures vanquished.

Notes
Turn   | Place    | Note
--------------------------------------------------------------
     0 | D:1      | Nicoed, the Human Fighter, began the quest for the Orb.
     0 | D:1      | Reached XP level 1. HP: 18/18 MP: 1/1
   120 | D:1      | Reached XP level 2. HP: 13/24 MP: 2/2
   239 | D:1      | Found a sparkling altar of Nemelex Xobeh.
   243 | D:1      | Reached skill level 1 in Dodging
   271 | D:1      | Reached XP level 3. HP: 15/29 MP: 3/3
   906 | D:2      | Reached XP level 4. HP: 35/35 MP: 4/4
  1112 | D:2      | Noticed Crazy Yiuf
  1129 | D:2      | Paralysed by a potion of paralysis for 6 turns
  1133 | D:2      | HP: 1/35 [Crazy Yiuf/quarterstaff of chaos (6)]
  1133 | D:2      | Slain by Crazy Yiuf

Action                   |  1- 3 |  4- 6 || total
-------------------------+-------+-------++-------
Melee: Hand axe          |   137 |    34 ||   171
Evoke: Wand              |       |     1 ||     1
  Use: Scroll            |     1 |       ||     1
       Potion            |       |     1 ||     1
